 Dungeon Crawl Stone Soup version 0.14-a0-1474-g1105da3 (webtiles) character file.

48 Khlestharos the Grave Robber (level 3, 0/21 HPs)
             Began as an Octopode Necromancer on Dec 15, 2013.
             Slain by Terence
             ... wielding a +1,+2 elven short sword of venom
              (2 damage)
             ... while paralysed by a potion of paralysis
             ... on Level 1 of the Dungeon.
             The game lasted 00:09:56 (791 turns).

Khlestharos the Grave Robber (Octopode Necromancer)  Turns: 791, Time: 00:09:56

HP   0/21        AC  1     Str  7      XL: 3   Next: 22%
MP   5/6         EV  2     Int 18      God:
Gold 17          SH  0     Dex 12      Spells:  1 memorised,  5 levels left

rFire  . . .     SeeInvis .     a - +2 mace (holy)
rCold  . . .     Clarity  .     (no shield)
rNeg   . . .     Conserve .     (helmet restricted)
rPois  .         rCorr    .     (no amulet)
rElec  .         rRot     .     (no ring)
SustAb . .       Spirit   .     (no ring)
rMut   .         Warding  .     (no ring)
Saprov . . .     Stasis   .     (no ring)
                                (no ring)
                                (no ring)
                                (no ring)
                                (no ring)

@: paralysed, quite poisoned, not resistant to hostile enchantments, quite
stealthy
A: almost no armour, amphibious, 8 rings, constrict 8, camouflage 1, gelatinous
body 1
a: no special abilities


You were on level 1 of the Dungeon.
You were not hungry.

You visited 1 branch of the dungeon, and saw 2 of its levels.

You collected 17 gold pieces.

Inventory:

Hand weapons
 a - a +2,+2 mace of holy wrath (weapon)
Comestibles
 c - a bread ration
 n - a meat ration
Scrolls
 d - 3 scrolls of remove curse {unknown}
 e - a scroll of identify {unknown}
 j - a scroll of enchant armour {unknown}
Potions
 g - a potion of brilliance
 h - a potion of agility {unknown}
 i - a potion of flight {unknown}
 l - a potion of magic {unknown}
 m - a potion of curing {unknown}
Books
 b - a book of Necromancy

   Spells                             Type                      Level
   *Pain                              Necromancy                   1
   Animate Skeleton                   Necromancy                   1
   Lethal Infusion                    Charms/Necromancy            2
   Vampiric Draining                  Necromancy                   3
   Regeneration                       Charms/Necromancy            3
   Animate Dead                       Necromancy                   4
   Control Undead                     Necromancy                   4


   Skills:
 + Level 0.2 Fighting
 + Level 0.4 Maces & Flails
 + Level 2.2 Dodging
 + Level 3.3 Stealth
 + Level 2.2 Spellcasting
 + Level 4.3 Necromancy


You had 5 spell levels left.
You knew the following spells:

 Your Spells              Type           Power        Failure   Level  Hunger
a - Pain                  Necr           ###.         3%          1    #......


Dungeon Overview and Level Annotations

Branches:
Dungeon (2/16)

Altars:

Annotations:
D:1 Terence


Innate Abilities, Weirdness & Mutations

You cannot wear most types of armour.
You are amphibious.
You can wear up to eight rings at the same time.
You can use your tentacles to constrict many enemies at once.
Your skin changes colour to match your surroundings (Stlth).
Your rubbery body absorbs attacks (AC +1).


Message History

Press: ? - help, Shift-Dir - straight line, f - Terence
Aim: Terence, wielding a runed elven short sword and wearing a chain mail Terence convulses in agony!
Terence hits you with a runed elven short sword.
You are poisoned.
You feel sick.
Terence hits you with an elven short sword of venom!
* * * LOW HITPOINT WARNING * * *
You are more poisoned.
You climb upwards.
* * * LOW HITPOINT WARNING * * *
You feel sick.
There is a stone staircase leading down here.
Drink which item? (? for menu, Esc to quit)
You suddenly lose the ability to move!
It was a potion of paralysis.
* * * LOW HITPOINT WARNING * * *
You feel sick.
Terence shouts, "Get ready for death!"
Terence hits you with an elven short sword of venom.
You die...

#.##.##.# ###.###
##.##.##.####.....#
..................#
##.##.##.####.....#
#.##.##.# #.....#
#.##.##.# #..)..#
#.##.##.# #...%.#
#.##.##.# #.....#
#.##.##.# #...@.#
#.....#.# #....@#
##.....#.# #######
..%......#
##########


You could see Terence.

Vanquished Creatures
  An adder (D:1)
  4 bats (D:1)
  4 giant cockroaches (D:1)
  A goblin (D:1)
  A hobgoblin (D:1)
  5 kobolds (D:1)
  A ball python (D:1)
  A giant gecko (D:1)
  A giant newt (D:1)
  3 rats (D:1)
22 creatures vanquished.

Notes
Turn   | Place    | Note
--------------------------------------------------------------
     0 | D:1      | Khlestharos, the Octopode Necromancer, began the quest for the Orb.
     0 | D:1      | Reached XP level 1. HP: 11/11 MP: 3/3
   149 | D:1      | Reached XP level 2. HP: 6/17 MP: 4/4
   532 | D:2      | Noticed Terence
   551 | D:1      | Reached XP level 3. HP: 3/21 MP: 6/6
   561 | D:1      | HP: 1/31 [poisoned by an adder]
   791 | D:1      | Paralysed by a potion of paralysis for 3 turns
   791 | D:1      | Slain by Terence

Action                   || total
-------------------------++-------
Melee: Mace              ||    44
 Cast: Pain              ||     7
  Use: Potion            ||     3
 Stab: Sleeping          ||     7
